 Dungeon Crawl Stone Soup version 0.29-a0-648-g6b26cc9f40 (webtiles) character file.

Game seed: 3455909969785609771

5 DocClef the Skirmisher (level 1, -19/20 HPs)
             Began as a Minotaur Fighter on June 20, 2022.
             Killed by an exploding hobgoblin (39 damage)
             ... ignited by their inner flame
             ... on level 1 of the Dungeon.
             The game lasted 00:00:12 (44 turns).

DocClef the Skirmisher (Minotaur Fighter)             Turns: 44, Time: 00:00:13

Health: -19/20     AC:  6    Str: 20    XL:     1   Next: 66%
Magic:  0/0        EV:  9    Int:  5    God:
Gold:   0          SH:  4    Dex:  9    Spells: 0/0 levels left

rFire   . . .      SeeInvis .   a - +0 war axe
rCold   . . .      Faith    .   c - +0 buckler
rNeg    . . .      Spirit   .   b - +0 scale mail
rPois   +          Reflect  .   (helmet restricted)
rElec   .          Harm     .   (no cloak)
rCorr   .          Rampage  .   (no gloves)
Will    .....                   (no boots)
Stlth   ..........              (no amulet)
HPRegen 0.06/turn               f - ring of poison resistance
MPRegen 0.07/turn               (no ring)

@: no status effects
A: horns 2, retaliatory headbutt
a: no special abilities


You were on level 1 of the Dungeon.
You visited 1 branch of the dungeon, and saw 1 of its levels.

Inventory:

Hand Weapons
 a - a +0 war axe (weapon)
Armour
 b - a +0 scale mail (worn)
 c - a +0 buckler (worn)
Jewellery
 f - a ring of poison resistance (left hand)
Potions
 d - a potion of might


   Skills:
 + Level 4.1 Fighting
 - Level 2.4 Axes
 - Level 3.6 Armour
 - Level 3.6 Shields


You couldn't memorise any spells.
You didn't know any spells.
Your spell library was empty.

Dungeon Overview and Level Annotations

Branches:
Dungeon (1/15)

Altars:


Innate Abilities, Weirdness & Mutations

You have a pair of horns on your head.
You reflexively headbutt those who attack you in melee.


Message History

You kill the goblin!
You hit the rat.
You kill the rat!
The bat hits you but does no damage. The bat barely misses you.
Your Fighting skill increases to level 4!
You closely miss the bat. Your headbutt misses the bat.
The bat hits you but does no damage. The bat barely misses you.
Found a scroll labelled OSMEWU YMOG.
Found a stone staircase leading down.
The bat barely misses you. You furiously retaliate!
You headbutt the bat.
You kill the bat!
You see here a rat corpse.
No target in view!
No target in view!
No target in view!
Found a diamond ring.
Things that are here:
a +0 club; a goblin corpse
e - a scroll labelled FEUNLY FUJESU A hobgoblin comes into view.
The hobgoblin shouts!
You hear a shout!
You see here a ring of poison resistance.
A hobgoblin is nearby!
A hobgoblin is nearby!
A hobgoblin is nearby!
f - a ring of poison resistance
f - a ring of poison resistance (left hand)
As you read the scroll labelled FEUNLY FUJESU, it crumbles to dust.
The creatures around you are filled with an inner flame!
It was a scroll of immolation.
No target in view!
No target in view!
The hobgoblin hits you but does no damage.
You hit the hobgoblin.
Flame seeps out of the hobgoblin.
You headbutt the hobgoblin, but do no damage.
The hobgoblin is almost dead.
The hobgoblin is engulfed in blazing flames.
The hobgoblin explodes!
The fiery explosion engulfs you!!!
Ouch! That really hurt!
You die...

# ..##### ....#..##
#.......#
........#########
#.... #...........
.#....##[.##§§.###
...........@○§.##
>..........§§§..#
............#....#
............###...#
............## ...
........)....### ..
.......†.......# .
.......##'######
....... ♣.♣♣♣♣♣


There were no monsters in sight!

Vanquished Creatures
  A dart slug (D:1)
  A bat (D:1)
  A hobgoblin (D:1)
  A goblin (D:1)
  A rat (D:1)
5 creatures vanquished.

Notes
Turn   | Place    | Note
-------+----------+-------------------------------------------
     0 | D:1      | DocClef the Minotaur Fighter began the quest for the Orb.
     0 | D:1      | Reached XP level 1. HP: 19/19 MP: 0/0
    21 | D:1      | Reached skill level 4 in Fighting
    44 | D:1      | Killed by an exploding hobgoblin... ignited by their inner
                  | flame

Illustrated notes

Levels and vault maps discovered:
D:1:      psy_arrival_fountain, layout_rooms, minmay_tiny_reverse_x

Skill      XL: |  1 |
---------------+----+-----
Fighting       | 4 |  4.1
Axes           | |  2.4
Armour         | |  3.6
Shields        | |  3.6

Action                   || total
-------------------------++-------
Melee: War axe           ||     4
       Headbutt          ||     1
  Use: Scroll            ||     1
Armor: Scale mail        ||     4
Dodge: Dodged            ||     4

Table legend: (Time is in decaauts)
 A = Elapsed time spent in this place.
 B = Non-inter-level travel time spent in this place.
 C = Inter-level travel time spent in this place.
 D = Time resting spent in this place.
 E = Time spent auto-exploring this place.
 F = Levels seen in this place.
 G = Mean time per level.
                   A        B        C        D        E       F      G
               +--------+--------+--------+--------+--------+-----+--------+
         Total |     44 |     44 |      0 |      0 |     28 |   1 |   44.0 |
       Dungeon |     44 |     44 |      0 |      0 |     28 |   1 |   44.0 |
               +--------+--------+--------+--------+--------+-----+--------+

Top non-repeatable levels by time:
     D:1: 44 daAuts
